 Dungeon Crawl Stone Soup version 0.32-a0-540-g866d13106e (webtiles) character file.

Game seed: 1901650357530854937

35 Newt the Poker (level 3, 0/28 HPs)
             Began as a Merfolk Gladiator on Feb 28, 2024.
             Slain by a cerulean imp
             ... wielding a +1 spear
             ... summoned by Natasha
              (2 damage)
             ... on level 2 of the Dungeon.
             The game lasted 00:01:12 (1057 turns).

Newt the Poker (Merfolk Gladiator)                  Turns: 1057, Time: 00:01:13

Health: 0/28       AC:  5    Str: 16    XL:     3   Next: 35%
Magic:  3/3        EV: 13    Int:  7    God:
Gold:   49         SH:  0    Dex: 15    Spells: 2/2 levels left

rFire   . . .        a - +0 trident
rCold   . . .        (no shield)
rNeg    . . .        b - +0 leather armour
rPois   .            c - +1 helmet
rElec   .            (no cloak)
rCorr   +            (no gloves)
SInv    .            (no boots)
Will    +....        (no amulet)
Stlth   +            k - ring of resist corrosion
HPRegen 0.24/turn    (no ring)
MPRegen 0.08/turn

%: no passive effects
@: enlightened, flying
A: (nimble swimmer 2), mertail
a: no special abilities


You were on level 2 of the Dungeon.
You visited 1 branch of the dungeon, and saw 3 of its levels.

You collected 49 gold pieces.

Inventory:

Hand Weapons
 a - a +0 trident (weapon)
Missiles
 d - 3 throwing nets (quivered)
 f - 9 poisoned darts
Armour
 b - a +0 leather armour (worn)
 c - a +1 helmet (worn)
Jewellery
 k - a ring of resist corrosion (left hand)
Wands
 m - a wand of warping (11)
Scrolls
 g - a scroll of fog {unknown}
 i - a scroll of noise {unknown}
 j - 2 scrolls of enchant armour
 l - a scroll of identify {unknown}
 n - a scroll of silence {unknown}


   Skills:
 + Level 2.9 Fighting
 * Level 5.2 Polearms
 - Level 2.0 Throwing
 - Level 4.0 Dodging


You had 2 spell levels left.
You didn't know any spells.
Your spell library contained the following spells:

 Spells                   Type           Power      Damage    Failure   Level
 Shock                    Conj/Air       0%         1d3       50%         1
 Call Canine Familiar     Summ           0%         N/A       86%         3
 Sigil of Binding         Hex            0%         N/A       86%         3
 Swiftness                Air            0%         N/A       86%         3
 Airstrike                Air            0%         2d(0-16)  99%         4
 Dimensional Bullseye     Hex/Tloc       0%         N/A       99%         4


Dungeon Overview and Level Annotations

Branches:
Dungeon (3/15)

Altars:

Annotations:
D:2 Natasha


Innate Abilities, Weirdness & Mutations

((You are very nimble when in or above water. (Stealth+, EV+, Speed+++)))
Your lower body shifts to a powerful aquatic tail in water.


Message History

The cerulean imp closely misses you. The cerulean imp barely misses you.
You closely miss the cerulean imp.
The cerulean imp is lightly wounded.
The cerulean imp closely misses you. The cerulean imp barely misses you.
You closely miss the cerulean imp.
The cerulean imp is lightly wounded.
The cerulean imp hits you with a +2 spear.
The cerulean imp hits you from afar with a +1 spear.
Reach: a) +0 trident
Press: ? - help, Dir - move target, f - cerulean imp
Aim: a cerulean imp, wielding a +1 spear (summoned, about 54% to evade your +0 trident)
You reach to attack!
You miss the cerulean imp.
The cerulean imp hits you but does no damage.
The cerulean imp hits you from afar with a +1 spear.
Unknown command.
Reach: a) +0 trident
Press: ? - help, Dir - move target, f - Natasha, p - cerulean imp
Aim: Natasha (about 47% to evade your +0 trident)
You reach to attack!
You closely miss Natasha. The cerulean imp closely misses you.
The cerulean imp hits you from afar with a +1 spear.
* * * LOW HITPOINT WARNING * * *
Throw: javelin
Press: ? - help, Shift-Dir - straight line, f/p - Natasha
Aim: Natasha (50% to hit)
You throw a javelin.
The javelin hits the cerulean imp and shatters for extra damage!
The cerulean imp is severely wounded.
Natasha mumbles some strange words.
Natasha's front paws start to glow.
Natasha casts a spell.
The cerulean imp completely misses you.
The cerulean imp hits you from afar with a +1 spear.
* * * LOW HITPOINT WARNING * * *
Unknown command.
It was a potion of enlightenment.
You feel very buoyant.
You fly up into the air.
The cerulean imp closely misses you.
The cerulean imp hits you from afar with a +1 spear.
You die...

#.###..S.....~~. ....
###...JJ###~~~~~~#
.....#..[##...###~~~~##
.....#>..####...######
.....#...# ###J.....#
#.<......# #......#
...##....# #......#
.........#######5#####
....#....#....@5h#
........###.####..5#
#####...###.# ###...#
#.....##.# ####
#........#########
#.....####.......#
####.............#
#.#####.......#
#.#...........#


You could see Natasha and 3 cerulean imps.

Vanquished Creatures
  An adder (D:3)
  2 dart slugs (D:1)
  4 ball pythons
  3 endoplasms (D:1)
  A goblin (D:1)
  2 hobgoblins (D:1)
  3 kobolds
  3 bats (D:1)
  2 rats (D:1)
21 creatures vanquished.

Notes
Turn   | Place    | Note
-------+----------+-------------------------------------------
     0 | D:1      | Newt the Merfolk Gladiator began the quest for the Orb.
     0 | D:1      | Reached XP level 1. HP: 16/16 MP: 1/1
   283 | D:1      | Reached XP level 2. HP: 23/23 MP: 2/2
   782 | D:1      | Reached skill level 5 in Polearms
   783 | D:1      | Reached XP level 3. HP: 28/28 MP: 3/3
   959 | D:2      | Noticed Natasha
  1057 | D:2      | Slain by a cerulean imp

Illustrated notes

Levels and vault maps discovered:
D:1:      eino_arrival_cavern_e, layout_loops_cross
D:2:      cheibrodos_helix_gallery, layout_basic, basic_altar, uniq_natasha
D:3:      kennysheep_goblin_castle, layout_basic

Skill      XL: |  1  2 |
---------------+-------+-----
Polearms       | 5 |  5.2
Fighting       | |  2.9
Throwing       | |  2.0
Dodging        | |  4.0

Action                     || total
---------------------------++-------
  Melee: Trident           ||    80
  Throw: Javelin           ||     1
    Use: Scroll            ||     1
         Potion            ||     1
   Stab: Sleeping          ||     2
 Armour: Leather armour    ||    75
  Dodge: Dodged            ||    76

Table legend: (Time is in decaauts)
 A = Elapsed time spent in this place.
 B = Non-inter-level travel time spent in this place.
 C = Inter-level travel time spent in this place.
 D = Time resting spent in this place.
 E = Time spent auto-exploring this place.
 F = Levels seen in this place.
 G = Mean time per level.
                   A        B        C        D        E       F      G
               +--------+--------+--------+--------+--------+-----+--------+
         Total |   1062 |   1045 |     17 |    259 |    593 |   3 |  354.0 |
       Dungeon |   1062 |   1045 |     17 |    259 |    593 |   3 |  354.0 |
               +--------+--------+--------+--------+--------+-----+--------+

Top non-repeatable levels by time:
     D:1: 890 daAuts
     D:2: 102 daAuts
     D:3: 69 daAuts
